 Dungeon Crawl Stone Soup version 0.26-a0-540-g8a0c9464d7 (webtiles) character file.

Game seed: 16814331115015500113

139 vurker the Sneak (level 5, -6/43 HPs)
             Began as a Formicid Delver on Aug 24, 2020.
             Mangled by a gnoll
             ... wielding a +0 spear
              (8 damage)
             ... on level 2 of the Dungeon.
             The game lasted 00:01:53 (1493 turns).

vurker the Sneak (Formicid Delver)                  Turns: 1493, Time: 00:01:53

Health: -6/43      AC:  3    Str: 17    XL:     5   Next: 46%
Magic:  5/5        EV: 12    Int: 10    God:
Gold:   13         SH:  0    Dex: 12    Spells: 4/4 levels left

rFire    . . .     SeeInvis +   j - +0 war axe
rCold    . . .     Faith    .   (no shield)
rNeg     . . .     Spirit   .   b - +0 leather armour
rPois    .         Reflect  .   (helmet unavailable)
rElec    .         Harm     .   (no cloak)
rCorr    .                      (no gloves)
MR       .....                  (no boots)
Stlth    +++.......             (no amulet)
HPRegen  0.14/turn              (no ring)
MPRegen  0.09/turn              (no ring)

@: brilliant, stab
A: permanent stasis, dig shafts and tunnels, four strong arms, antennae 3
a: Dig, Shaft Self


You were on level 2 of the Dungeon.
You visited 1 branch of the dungeon, and saw 4 of its levels.

You collected 13 gold pieces.

Inventory:

Hand Weapons
 j - a +0 war axe (weapon)
   (You found it on level 5 of the Dungeon)
Missiles
 i - a throwing net (quivered)
Armour
 b - a +0 leather armour (worn)
Wands
 t - a wand of flame (13)
   (You found it on level 2 of the Dungeon)
 v - a wand of digging (3)
Scrolls
 a - a scroll of enchant weapon {unknown}
 c - a scroll of fog
 d - 3 scrolls of magic mapping
 e - a scroll of fear
 f - a scroll of teleportation {unknown}
 h - a scroll of identify {unknown}


   Skills:
 + Level 4.5 Fighting
 * Level 4.4 Axes
 - Level 1.7 Dodging
 - Level 6.0 Stealth


You had 4 spell levels left.
You didn't know any spells.
Your spell library was empty.

Dungeon Overview and Level Annotations

Branches:
Dungeon (5/15)
 Temple: D:4-7

Altars:
Gozag


Innate Abilities, Weirdness & Mutations

You cannot be hasted, slowed, berserked, paralysed or teleported.
You can dig through walls and to a lower floor.
Your four strong arms can wield two-handed weapons with a shield.
You have a pair of large antennae on your head. (SInv)


Message History

The bat hits you. The bat closely misses you. The bat hits you.
You closely miss the bat. The bat misses you.
You barely miss the bat. The bat hits you. The bat barely misses you.
You closely miss the bat. The bat barely misses you.
A gnoll comes into view. It is wielding a +0 spear.
The bat barely misses you. The bat hits you but does no damage.
The bat closely misses you.
You hit the bat.
You kill the bat!
A gnoll comes into view. It is wielding a +0 spear.
Something unseen opens the door. 2 gnolls come into view.
Found 15 stones.
The gnoll shouts! x3; You hear a shout!
The gnoll shouts!
The gnoll closely misses you.
Found 26 stones.
You barely miss the gnoll. The gnoll hits you with a +0 spear!
The gnoll barely misses you. The gnoll hits you with a +0 spear.
The gnoll closely misses you.
You hit the gnoll. x2; The gnoll closely misses you.
The gnoll hits you with a +0 whip. The gnoll hits you with a +0 spear.
You closely miss the gnoll. You barely miss the gnoll.
You closely miss the gnoll. The gnoll closely misses you.
The gnoll barely misses you. The gnoll hits you with a +0 whip.
* * * LOW HITPOINT WARNING * * *
The gnoll hits you with a +0 whip.
* * * LOW HITPOINT WARNING * * *
The gnoll closely misses you.
A goblin comes into view.
You extend your mandibles.
You dig through the rock wall.
The gnoll hits you from afar with a +0 spear.
* * * LOW HITPOINT WARNING * * *
You dig through the rock wall.
You dig through the rock wall.
It was a potion of brilliance.
You feel clever all of a sudden.
It was a potion of stabbing.
You feel ready to backstab. The gnoll hits you with a +0 spear.
* * * LOW HITPOINT WARNING * * *
You retract your mandibles.
You hit the gnoll. The gnoll hits you with a +0 spear!
* * * LOW HITPOINT WARNING * * *
You closely miss the gnoll. The gnoll barely misses you.
You closely miss the gnoll. The gnoll hits you with a +0 spear!
You die...

#### ...# ### ##.#
#@## #.# ##g# #.#####
#####.###### ##.....##
##...{{{...... ..
#.......#
#....g.####### ...#
#.......#
#......##########...#
#.......#
#...................#
#.......#
#....†..............#
#.......#
#.......gg...g......##


You could see a gnoll.

Vanquished Creatures
  A hound (D:3)
  A centaur skeleton (D:5)
  Jessica (D:2)
  4 adders
  An adder zombie (D:5)
  A giant cockroach (D:3)
  3 goblins (D:3)
  2 jackals (D:3)
  3 bats
  A frilled lizard (D:3)
  2 rats (D:3)
20 creatures vanquished.

Notes
Turn   | Place    | Note
-------+----------+-------------------------------------------
     0 | D:5      | vurker the Formicid Delver began the quest for the Orb.
     0 | D:5      | Reached XP level 1. HP: 18/18 MP: 1/1
   246 | D:5      | Reached XP level 2. HP: 2/25 MP: 2/2
   246 | D:5      | Reached XP level 3. HP: 3/30 MP: 3/3
   672 | D:3      | Reached XP level 4. HP: 24/37 MP: 4/4
  1032 | D:3      | Found an opulent altar of Gozag.
  1082 | D:3      | Reached XP level 5. HP: 27/42 MP: 5/5
  1324 | D:2      | Noticed Jessica
  1334 | D:2      | Killed Jessica
  1491 | D:2      | HP: 2/43 [gnoll/+0 spear (7)]
  1493 | D:2      | Mangled by a gnoll

Illustrated notes

Levels and vault maps discovered:
D:2:      layout_basic, evilmike_ruin_ashenzari, uniq_jessica
D:3:      layout_loops_ring, grunt_gozag_breadcrumbs, uniq_purgy
D:4:      layout_basic, serial_undead, serial_undead_c, serial_undead_e,
          serial_undead_e, serial_undead_d, serial_undead_c, serial_undead_f,
          nicolae_ossuary_entry_catacombs, grunt_ministairs_1
D:5:      layout_loops_corners, hangedman_decor_opposing, minmay_pentangle

Skill      XL: |  1  2  3  4 |
---------------+-------------+-----
Axes           | 3 4 |  4.4
Fighting       | 4 |  4.5
Dodging        | |  1.7
Stealth        | |  6.0

Action                   |  1- 3 |  4- 6 || total
-------------------------+-------+-------++-------
Melee: Hand axe          |    18 |       ||    18
       War axe           |     5 |    61 ||    66
 Abil: Dig               |       |     1 ||     1
  Use: Potion            |       |     2 ||     2
 Stab: Sleeping          |     2 |     2 ||     4
Armor: Leather armour    |     9 |    19 ||    28
Dodge: Dodged            |    11 |    65 ||    76

Table legend: (Time is in decaauts)
 A = Elapsed time spent in this place.
 B = Non-inter-level travel time spent in this place.
 C = Inter-level travel time spent in this place.
 D = Time resting spent in this place.
 E = Time spent auto-exploring this place.
 F = Levels seen in this place.
 G = Mean time per level.
                   A        B        C        D        E       F      G
               +--------+--------+--------+--------+--------+-----+--------+
         Total |   1515 |   1470 |     45 |      0 |   1183 |   4 |  378.8 |
       Dungeon |   1515 |   1470 |     45 |      0 |   1183 |   4 |  378.8 |
               +--------+--------+--------+--------+--------+-----+--------+

Top non-repeatable levels by time:
     D:3: 672 daAuts
     D:5: 564 daAuts
     D:2: 174 daAuts
     D:4: 104 daAuts
